 Dungeon Crawl Stone Soup version 0.31-a0-255-g9c3d1c461a (webtiles) character file.

Game seed: 17399652219486586589

116 qw the Shooter (level 4, -1/36 HPs)
             Began as a Minotaur Hexslinger on July 12, 2023.
             Slain by a gnoll
             ... wielding a +0 spear
              (3 damage)
             ... on level 3 of the Dungeon.
             The game lasted 00:00:48 (2421 turns).

qw the Shooter (Minotaur Hexslinger)                Turns: 2421, Time: 00:00:49

Health: -1/36      AC:  5    Str: 12    XL:     4   Next: 69%
Magic:  4/4        EV: 11    Int: 10    God:
Gold:   88         SH:  0    Dex: 15    Spells: 4/5 levels left

rFire   . . .        Y - +1 sling
rCold   . . .        (no shield)
rNeg    . . .        b - +0 ring mail
rPois   .            (helmet restricted)
rElec   .            (no cloak)
rCorr   .            (no gloves)
SInv    .            (no boots)
Will    .....        (no amulet)
Stlth   +            (no ring)
HPRegen 0.26/turn    (no ring)
MPRegen 0.09/turn

%: no passive effects
@: no status effects
A: horns 2, retaliatory headbutt
a: no special abilities


You were on level 3 of the Dungeon.
You visited 1 branch of the dungeon, and saw 3 of its levels.

You collected 88 gold pieces.


Innate Abilities, Weirdness & Mutations

You have a pair of horns on your head.
You reflexively headbutt those who attack you in melee.


   Skills:
 + Level 2.0 Fighting
 - Level 5.1 Ranged Weapons
 - Level 1.0 Armour
 - Level 2.1 Dodging
 - Level 1.0 Spellcasting
 - Level 2.0 Hexes


You had 4 spell levels left.
You knew the following spells:

 Your Spells              Type           Power      Damage    Failure   Level
a - Slow                  Hex            16%        N/A       34%         1

Your spell library contained the following spells:

 Spells                   Type           Power      Damage    Failure   Level
 Inner Flame              Hex/Fire       2%         N/A       83%         3
 Portal Projectile        Hex/Tloc       4%         N/A       83%         3
 Cause Fear               Hex            2%         N/A       98%         4

Inventory:

Hand Weapons
 Y - a +1 sling (weapon)
Armour
 b - a +0 ring mail (worn)
Jewellery
 e - a ring of ice
 f - a ring of see invisible
 g - a ring of protection from cold
Scrolls
 d - 4 scrolls of immolation {unknown}
Potions
 a - 3 potions of lignification {unknown}
 c - a potion of haste {unknown}
 h - a potion of attraction {unknown}

Dungeon Overview and Level Annotations

Branches:
Dungeon (3/15)

Altars:


Message History

The gnoll shouts! x2
A gnoll comes into view. It is wielding a +0 spear.
Enter note:
Enter note: You shoot a sling bullet.
The sling bullet barely misses the gnoll.
The gnoll shouts!
You shoot a sling bullet.
The sling bullet hits the gnoll but does no damage.
You shoot a sling bullet. The sling bullet hits the gnoll.
The gnoll is moderately wounded.
You shoot a sling bullet.
The sling bullet hits the gnoll but does no damage.
The gnoll is moderately wounded.
You shoot a sling bullet.
The sling bullet closely misses the gnoll.
The sling bullet hits the gnoll.
The gnoll is heavily wounded.
The gnoll hits you with a +0 whip. The gnoll barely misses you.
The gnoll misses you. The gnoll hits you but does no damage.
You shoot a sling bullet.
The sling bullet closely misses the gnoll.
The gnoll hits you from afar with a +0 spear.
The gnoll hits you with a +0 whip! The gnoll hits you with a +0 whip.
You shoot a sling bullet.
The sling bullet hits the gnoll but does no damage.
The gnoll is heavily wounded.
The gnoll hits you with a +0 whip. The gnoll closely misses you.
The gnoll barely misses you. The gnoll hits you with a +0 whip.
The gnoll hits you but does no damage. The gnoll hits you with a +0 whip.
You shoot a sling bullet. The sling bullet hits the gnoll!
You kill the gnoll!
The gnoll hits you from afar with a +0 spear.
The gnoll misses you.
Your Ranged Weapons skill increases to level 5!
You shoot a sling bullet.
The sling bullet closely misses the gnoll.
The gnoll hits you with a +0 whip.
The gnoll hits you from afar with a +0 spear.
You die...

#..#####..##.##
#...#. #..##.#
#......##..##.# ..
.......##.#
#....###.# #...##
#.# . #....# #.#
....#g)#.###.#####
......g@.........#
......#..........#
##.## #..........#
###
................
..#
###..........###
#.. #............
... #..........###
# ######.##### #
##


You could see 2 gnolls.

Vanquished Creatures
  A gnoll (D:3)
  3 adders
  2 worms (D:2)
  3 dart slugs
  4 orcs (D:3)
  2 endoplasms
  A giant cockroach (D:1)
  8 goblins
  9 hobgoblins
  4 quokkas
  3 ball pythons
  6 bats
  2 frilled lizards
  5 kobolds
  8 rats
61 creatures vanquished.

Notes
Turn   | Place    | Note
-------+----------+-------------------------------------------
     0 | D:1      | qw the Minotaur Hexslinger began the quest for the Orb.
     0 | D:1      | Reached XP level 1. HP: 16/16 MP: 1/1
     0 | D:1      | 0 ||| qw: Version: 0.3-a-52-g30416fa
     0 | D:1      | 0 ||| qw: Game counter: 6685
     0 | D:1      | 0 ||| qw: Melee chars always use a shield: true
     0 | D:1      | 0 ||| qw: God list: Okawaru
     0 | D:1      | 0 ||| qw: Allow faded altars: false
     0 | D:1      | 0 ||| qw: Do Orc after clearing Dungeon:15 true
     0 | D:1      | 0 ||| qw: Do second Lair branch before Depths: true
     0 | D:1      | 0 ||| qw: Lair rune preference: random
     0 | D:1      | 0 ||| qw: Goals: Normal
     0 | D:1      | 0 ||| PLANNING D:1-11
   113 | D:1      | HP: 4/16 [dart slug/slug dart (2)]
   115 | D:1      | Reached skill level 3 in Ranged Weapons
   115 | D:1      | Reached XP level 2. HP: 7/23 MP: 2/2
   554 | D:1      | 554 ||| UPGRADING to +0 leather armour.
   568 | D:1      | 568 ||| DROPPING +0 robe.
   789 | D:1      | Reached XP level 3. HP: 29/29 MP: 3/3
   999 | D:1      | 999 ||| READING 2 scrolls labelled EMOIHA AGUI.
  1000 | D:1      | 1000 ||| READING scroll labelled ILOSEMU ENKE.
  1001 | D:1      | 1001 ||| READING scroll labelled QUODAH MAWONG.
  1002 | D:1      | 1002 ||| READING scroll labelled QEDYNK QOCLUJI.
  1003 | D:1      | 1003 ||| DROPPING scroll of revelation.
  1004 | D:1      | 1004 ||| DROPPING scroll of poison.
  1069 | D:2      | Found a faded altar of an unknown god.
  1114 | D:2      | Reached skill level 4 in Ranged Weapons
  1855 | D:2      | 1855 ||| UPGRADING to +0 ring mail.
  1865 | D:2      | 1865 ||| DROPPING +0 leather armour.
  1961 | D:3      | Reached XP level 4. HP: 24/36 MP: 4/4
  2048 | D:3      | Reached skill level 1 in Armour
  2419 | D:3      | HP: 7/36 [gnoll/+0 whip (4)]
  2421 | D:3      | Reached skill level 5 in Ranged Weapons
  2421 | D:3      | HP: 2/36 [gnoll/+0 whip (3)]
  2421 | D:3      | Slain by a gnoll

Levels and vault maps discovered:
D:1:      moated_graveyard_arrival, layout_basic, amethyst_killhole,
          serial_bayou_lagoon_b
D:2:      layout_basic, chequers_ecumenical_altar_simple_redux,
          kennysheep_generic_room_10
D:3:      layout_rooms, hangedman_decor_growths, grunt_ministairs_5

Skill      XL: |  1  2  3  4 |
---------------+-------------+-----
Ranged Weapons | 3 4 5 |  5.1
Fighting       | 2 |  2.0
Armour         | 1 |  1.0
Dodging        | |  2.1
Spellcasting   | |  1.0
Hexes          | |  2.0

Action                     |  1- 3 |  4- 6 || total
---------------------------+-------+-------++-------
   Fire: Sling             |   137 |    61 ||   198
    Use: Scroll            |     4 |       ||     4
 Armour: Robe              |     1 |       ||     1
         Leather armour    |     5 |       ||     5
         Ring mail         |     1 |     3 ||     4
  Dodge: Dodged            |    35 |    14 ||    49

Table legend:
 A = Non-vault XP
 B = Vault XP
 C = Vault XP percentage of total XP
 D = Non-vault monster count
 E = Vault monster count
 F = Vault count percentage of total count
                 A         B        C        D         E       F
            +---------+---------+-------+---------+---------+-------
      Total |     157 |       9 |   5.4 |      58 |       3 |   4.9
            +---------+---------+-------+---------+---------+-------
        D:1 |      45 |       0 |   0.0 |      25 |       0 |   0.0
        D:2 |      43 |       5 |  10.4 |      17 |       1 |   5.6
        D:3 |      69 |       4 |   5.5 |      16 |       2 |  11.1
            +---------+---------+-------+---------+---------+-------
